 Dungeon Crawl Stone Soup version 0.18-a0-1666-g3ea6f2b (webtiles) character file.

181 dwasdwasdwas the Stinger (level 5, -17/44 HPs)
             Began as a Naga Venom Mage on Mar 31, 2016.
             Was an Initiate of Makhleb.
             Engulfed by a cloud of flame (29 damage)
             ... on level 6 of the Dungeon.
             The game lasted 01:28:08 (3224 turns).

dwasdwasdwas the Stinger (Naga Venom Mage)          Turns: 3224, Time: 01:28:09

Health: -17/44     AC:  5    Str:  9 (10) XL:     5   Next: 61%
Magic:  9/9        EV: 10    Int: 16      God:    Makhleb [......]
Gold:   131        SH:  0    Dex: 10 (12) Spells: 3 memorised, 3 levels left

rFire  . . .     SeeInvis +     q - +0 dagger
rCold  . . .     Gourm    .     a - +0 robe
rNeg   . . .     Faith    .     (no shield)
rPois  +         Spirit   .     (no helmet)
rElec  .         Dismiss  .     (no cloak)
rCorr  .         Reflect  .     o - +2 pair of gloves
SustAt .         Harm     .     (no barding)
MR     .....                    (no amulet)
Stlth  ++........               (no ring)
                                (no ring)

@: very slow, not resistant to hostile enchantments, unstealthy
A: see invisible, blink, deformed body, poison resistance, slowness 2, slow
metabolism 1, spit poison 2, AC +1
a: Spit Poison, Blink, Renounce Religion


You were on level 6 of the Dungeon.
You worshipped Makhleb.
Makhleb was noncommittal.
You were not hungry.

You visited 1 branch of the dungeon, and saw 5 of its levels.

You collected 131 gold pieces.

Inventory:

Hand Weapons
 e - a +0 hand axe
 q - a +0 dagger (weapon)
Missiles
 d - 22 sling bullets
 g - 19 stones (quivered)
Armour
 a - a +0 robe (worn)
 l - a +0 cloak
 n - a +0 robe
 o - a +2 pair of gloves (worn)
Scrolls
 h - 5 scrolls of identify
 m - 2 scrolls of teleportation
 p - a scroll of magic mapping {unknown}
 r - a scroll of enchant weapon {unknown}
 s - a scroll of remove curse {unknown}
Books
 b - a Young Poisoner's Handbook

   Spells                             Type                      Level
   a - Sting                          Conjuration/Poison           1
   b - Cure Poison                    Poison                       2
   c - Mephitic Cloud                 Conjuration/Poison/Air       3
   d - Olgreb's Toxic Radiance        Poison                       4
   e - Venom Bolt                     Conjuration/Poison           5
Comestibles
 c - 2 bread rations
 f - a beef jerky
 i - a meat ration


   Skills:
 + Level 1.1 Fighting
 + Level 0.2 Short Blades
 + Level 0.4 Axes
 + Level 2.1 Dodging
 + Level 3.1 Stealth
 + Level 2.6 Spellcasting
 + Level 1.9 Conjurations
 + Level 7.0 Poison Magic


You had 3 spell levels left.
You knew the following spells:

 Your Spells              Type           Power        Failure   Level  Hunger
a - Sting                 Conj/Pois      ###.         3%          1    #......
b - Cure Poison           Pois           ###.......   1%          2    ##.....
c - Mephitic Cloud        Conj/Pois/Air  ##......     17%         3    ###....


Dungeon Overview and Level Annotations

Branches:
Dungeon (6/15)
 Temple: D:4-7

Altars:
Ashenzari
Cheibriados
Gozag
Makhleb
Nemelex Xobeh
Okawaru
Ru
Trog


Innate Abilities, Weirdness & Mutations

You cannot wear boots.
Your serpentine skin is tough (AC +1).
You have supernaturally acute eyesight.
Armour fits poorly on your strangely shaped body.
Your system is resistant to poisons.
You cover ground very slowly.
You have a slow metabolism.
You can spit poison.
You can translocate small distances at will.


Message History

Firing (i - inventory): No suitable missiles.
Press: ? - help, Shift-Dir - straight line
Okay, then.
You see here 20 stones.
g - 20 stones Throwing (i - inventory):
g - 20 stones (quivered)
Press: ? - help, Shift-Dir - straight line, f - you
Okay, then.
Throwing (i - inventory):
g - 20 stones (quivered)
Press: ? - help, Shift-Dir - straight line You throw a stone.
Really slither into a travel-excluded area?
Found a pair of gloves.
You see here 24 arrows.
You are engulfed in roaring flames.
Ouch! That really hurt!
* * * LOW HITPOINT WARNING * * *
You are engulfed in roaring flames.
Ouch! That really hurt!
You die...

.#.# .#. .... .. ... .#.#..
#§# ...#. #§# .... ##§##
.#.# ######### ...# #.
....§§#8#§§ ...#+##.#.).#
##### .... ......#.#...# #@#
.... .#....#.#...# #§# ... #
......+.....####(####.# .#
'#....#...............###..#
......#.....................
.....##....................#
.....##)....................
..##.#.....................#
.........########...#.#....#


There were no monsters in sight!

Vanquished Creatures
  An orc wizard (D:6)
  Ijyb (D:2)
  A hound skeleton (D:3)
  Robin (D:2)
  3 adders
  An ooze (D:1)
  4 worms
  5 bats
  2 giant cockroaches (D:3)
  4 hobgoblins
  8 jackals
  7 kobolds
  2 giant newts
  16 goblins
  6 rats
62 creatures vanquished.

Vanquished Creatures (others)
  2 orcs (D:6)
  3 jackals (D:6)
5 creatures vanquished.

Grand Total: 67 creatures vanquished

Notes
Turn   | Place    | Note
--------------------------------------------------------------
     0 | D:1      | dwasdwasdwas the Naga Venom Mage began the quest for the Orb.
     0 | D:1      | Reached XP level 1. HP: 15/15 MP: 3/3
   304 | D:1      | Reached XP level 2. HP: 22/22 MP: 3/5
   313 | D:1      | Learned a level 2 spell: Cure Poison
   669 | D:1      | Reached skill level 6 in Poison Magic
   900 | D:2      | Reached XP level 3. HP: 28/28 MP: 2/6
   994 | D:2      | Learned a level 3 spell: Mephitic Cloud
  1420 | D:2      | Noticed Ijyb
  1435 | D:2      | Killed Ijyb
  1435 | D:2      | Reached XP level 4. HP: 36/36 MP: 1/7
  1649 | D:2      | Noticed Robin
  1706 | D:2      | Killed Robin
  1916 | D:2      | Reached skill level 1 in Conjurations
  2292 | D:3      | Found a snail-covered altar of Cheibriados.
  2293 | D:3      | Found a bloodstained altar of Trog.
  2293 | D:3      | Found a sparkling altar of Nemelex Xobeh.
  2295 | D:3      | Found an iron altar of Okawaru.
  2295 | D:3      | Found a sacrificial altar of Ru.
  2298 | D:3      | Found a shattered altar of Ashenzari.
  2298 | D:3      | Found a burning altar of Makhleb.
  2339 | D:3      | Found an opulent altar of Gozag.
  2368 | D:3      | Reached XP level 5. HP: 35/43 MP: 2/8
  2416 | D:3      | Became a worshipper of Makhleb the Destroyer
  2543 | D:3      | Gained mutation: You can translocate small distances at will. [potion of beneficial mutation]
  3106 | D:3      | You fall through a shaft for 3 floors!
  3125 | D:6      | Reached skill level 1 in Fighting
  3125 | D:6      | Reached skill level 7 in Poison Magic
  3224 | D:6      | Engulfed by a cloud of flame

Vault maps used:
D:1:      evilmike_arrival_run_for_it, monster_avoids_cloud
D:2:      minmay_misc_feat_x, minmay_hedge_maze, uniq_iyjb, uniq_robin
D:3:      grunt_temple_overflow_magic_moments, grunt_temple_overflow_open,
          first_bread, grunt_gozag_breadcrumbs
D:4:      nicolae_dithmenos_through_a_glass_darkly
D:6:      hex_intersection, lemuel_flamethrower_2

Skill      XL: |  1  2  3  4  5 |
---------------+----------------+-----
Poison Magic   | 6 7 |  7.0
Conjurations   | 1 |  1.9
Dodging        | 2 |  2.1
Fighting       | 1 |  1.1
Short Blades   | |  0.2
Axes           | |  0.4
Stealth        | |  3.1
Spellcasting   | |  2.6

Action                   |  1- 3 |  4- 6 || total
-------------------------+-------+-------++-------
Melee: Hand axe          |    22 |    12 ||    34
       Dagger            |       |    84 ||    84
Throw: Stone             |       |     1 ||     1
 Cast: Sting             |    58 |    86 ||   144
       Mephitic Cloud    |     1 |     7 ||     8
 Abil: Spit Poison       |     2 |       ||     2
       Blink             |       |     1 ||     1
  Use: Scroll            |     2 |       ||     2
       Potion            |     1 |     3 ||     4
  Eat: Bread ration      |     1 |       ||     1
       Pizza             |       |     2 ||     2
       Beef jerky        |       |     1 ||     1
